 Dungeon Crawl Stone Soup version 0.29.1-1-gd02db6906a (webtiles) character file.

Game seed: 4397732943092551179

408 brightshaft the Skirmisher (level 6, -9/51 HPs)
             Began as a Gnoll Hunter on Sept 25, 2022.
             Was an Initiate of Gozag.
             Mangled by a troll (11 damage)
             ... on level 5 of the Dungeon.
             The game lasted 00:09:44 (4301 turns).

brightshaft the Skirmisher (Gnoll Hunter)           Turns: 4301, Time: 00:09:44

Health: -9/51      AC:  4    Str: 10    XL:     6   Next: 88%
Magic:  0/9        EV: 14    Int:  9    God:    Gozag
Gold:   1207       SH:  0    Dex: 17    Spells: 9/9 levels left

rFire   . . .      SeeInvis +   a - +0 shortbow
rCold   . . .      Faith    .   (shield currently unavailable)
rNeg    . . .      Spirit   +   c - +0 leather armour
rPois   .          Reflect  .   (no helmet)
rElec   .          Harm     .   (no cloak)
rCorr   .          Rampage  .   (no gloves)
Will    .....                   q - +0 pair of boots
Stlth   ++........              z - amulet of guardian spirit
HPRegen 0.17/turn               d - ring of flight
MPRegen 0.11/turn               u - ring of see invisible

@: flying
A: fangs 1, strong nose, distributed training
a: Renounce Religion, Potion Petition, Call Merchant, Bribe Branch


You were on level 5 of the Dungeon.
You worshipped Gozag.
Gozag was most pleased with you.
You visited 1 branch of the dungeon, and saw 5 of its levels.
You also visited: Sewer.

You collected 1283 gold pieces.
You paid 76 gold pieces to Gozag.

Inventory:

Hand Weapons
 a - a +0 shortbow (weapon)
 b - a +3 dagger
 C - a +0 long sword
Missiles
 t - 8 poisoned darts
Armour
 c - a +0 leather armour (worn)
 f - a +0 kite shield
 g - a +0 scale mail
 p - a +0 ring mail
 q - a +0 pair of boots (worn)
Jewellery
 d - a ring of flight (left hand)
 u - a ring of see invisible (right hand)
 z - an amulet of guardian spirit (around neck)
Wands
 l - a wand of paralysis (4)
Scrolls
 k - 4 scrolls of amnesia
 m - a scroll of immolation
 o - 2 scrolls of identify
 v - a scroll of poison {unknown}
 w - 2 scrolls of noise {unknown}
 x - a scroll of brand weapon {unknown}
 y - a scroll of teleportation
Potions
 e - 2 potions of curing
 h - 2 potions of lignification {unknown}
 i - a potion of magic {unknown}
 j - a potion of attraction {unknown}
 n - a potion of flight {unknown}
 r - a potion of mutation {unknown}
 s - 2 potions of invisibility {unknown}
 A - a potion of degeneration {unknown}


   Skills:
 + Level 5.1 Fighting
 + Level 2.2 Short Blades
 + Level 2.2 Long Blades
 + Level 2.2 Axes
 + Level 2.2 Maces & Flails
 + Level 2.2 Polearms
 + Level 2.2 Staves
 + Level 8.8 Ranged Weapons
 + Level 2.2 Throwing
 + Level 2.2 Armour
 + Level 5.1 Dodging
 + Level 3.3 Stealth
 + Level 2.2 Shields
 + Level 2.2 Unarmed Combat
 + Level 2.2 Spellcasting
 + Level 1.8 Conjurations
 + Level 1.8 Hexes
 + Level 1.8 Summonings
 + Level 1.8 Necromancy
 + Level 1.8 Translocations
 + Level 1.8 Transmutations
 + Level 1.8 Fire Magic
 + Level 1.8 Ice Magic
 + Level 1.8 Air Magic
 + Level 1.8 Earth Magic
 + Level 1.8 Poison Magic
 + Level 2.5 Invocations
 + Level 2.2 Evocations


You had 9 spell levels left.
You didn't know any spells.
Your spell library contained the following spells:

 Spells                   Type           Power      Damage    Failure   Level
 Freeze                   Ice            16%        1d4       21%         1
 Necrotise                Necr           16%        1d4       21%         1
 Frozen Ramparts          Ice            8%         1d2       52%         3
 Vampiric Draining        Necr           4%         2d6       52%         3
 Hailstorm                Conj/Ice       4%         3d4       90%         4
 Agony                    Necr           4%         N/A       99%         5


Dungeon Overview and Level Annotations

Branches:
Dungeon (5/15)              Sewer (visited)
 Temple: D:4-7

Altars:
Gozag
Okawaru
Wu Jian
Xom


Innate Abilities, Weirdness & Mutations

You have very sharp teeth.
Your uncanny sense of smell can sniff out nearby items.
Your experience applies equally to all skills.


Message History

You shoot an arrow.
The arrow hits the troll but does no damage.
The troll barely misses you. The troll claws you! x2
An orc comes into view. It is wielding a +2 vorpal mace.
Aiming: Paralyse
Press: ? - help, Shift-Dir - straight line, f/p - troll
Aim: a troll (chance to affect: 54%)
The troll resists with significant effort.
The troll bites you. The troll claws you! x2
* * * LOW HITPOINT WARNING * * *
Found a scroll labelled VIUKEIB ZIOTI.
The troll attacks as you move away! The troll closely misses you. x2
The troll claws you.
* * * LOW HITPOINT WARNING * * *
2 orcs come into view.
Really attack while wielding your +0 shortbow?
Okay, then.
Fire: a) +0 shortbow
Press: ? - help, Shift-Dir - straight line, f/p - troll
Aim: a troll (66% to hit)
You shoot an arrow. The arrow hits the troll.
The troll is lightly wounded.
The orc shouts!
You hear a shout!
The troll closely misses you. The troll claws you.
* * * LOW HITPOINT WARNING * * *
The troll claws you.
* * * LOW HITPOINT WARNING * * *
An orc priest comes into view. It is wielding a +0 dagger.
You hear a shout! x2
Fire: a) +0 shortbow
Press: ? - help, Shift-Dir - straight line, f/p - troll
Aim: a troll (lightly wounded, 66% to hit)
You shoot an arrow. The orc priest shouts!
The arrow hits the troll but does no damage.
The troll is lightly wounded.
You hear a shout!
The troll closely misses you. The troll claws you!
You die...
Your body crumbles into a pile of gold.

## #. ∆ . #. ..
#.# ..o #.. ....
..###..## ...o.
........###......
........T@.......
.....o.###.......
......!.##.......
..........##.....
..o..............
.......#.........
.......#.<.....#.
.......#.>.....#
.....#####


You could see a troll, an orc priest and 2 orcs.

Vanquished Creatures
  Pargi (Sewer)
  A jelly (D:4)
  Jessica (D:3)
  An iguana (D:4)
  7 adders
  A gnoll (D:3)
  4 river rats (D:3)
  3 worms
  4 dart slugs
  3 orcs
  13 ball pythons
  4 endoplasms
  5 giant cockroaches
  10 goblins
  6 hobgoblins
  6 jackals
  7 quokkas
  8 bats
  4 frilled lizards
  9 kobolds
  9 rats
107 creatures vanquished.

Notes
Turn   | Place    | Note
-------+----------+-------------------------------------------
     0 | D:1      | brightshaft the Gnoll Hunter began the quest for the Orb.
     0 | D:1      | Reached XP level 1. HP: 20/20 MP: 1/1
   357 | D:1      | Reached XP level 2. HP: 26/26 MP: 2/2
   590 | D:1      | Reached XP level 3. HP: 31/31 MP: 3/3
   821 | D:1      | Reached skill level 1 in Invocations
  1278 | D:2      | Reached skill level 1 in Short Blades
  1278 | D:2      | Reached skill level 1 in Long Blades
  1278 | D:2      | Reached skill level 1 in Axes
  1278 | D:2      | Reached skill level 1 in Maces & Flails
  1278 | D:2      | Reached skill level 1 in Polearms
  1278 | D:2      | Reached skill level 1 in Staves
  1278 | D:2      | Reached skill level 1 in Throwing
  1278 | D:2      | Reached skill level 1 in Armour
  1278 | D:2      | Reached skill level 1 in Shields
  1278 | D:2      | Reached skill level 1 in Unarmed Combat
  1278 | D:2      | Reached skill level 1 in Spellcasting
  1278 | D:2      | Reached skill level 1 in Evocations
  1284 | D:2      | Found a faded altar of an unknown god.
  1334 | D:2      | Found an ornate altar of the Wu Jian Council.
  1338 | D:2      | Reached XP level 4. HP: 35/38 MP: 5/5
  1842 | D:3      | Identified a scroll of acquirement
  1842 | D:3      | Acquired 607 gold pieces
  1899 | D:3      | Reached skill level 1 in Conjurations
  1899 | D:3      | Reached skill level 1 in Hexes
  1899 | D:3      | Reached skill level 1 in Summonings
  1899 | D:3      | Reached skill level 1 in Necromancy
  1899 | D:3      | Reached skill level 1 in Translocations
  1899 | D:3      | Reached skill level 1 in Transmutations
  1899 | D:3      | Reached skill level 1 in Fire Magic
  1899 | D:3      | Reached skill level 1 in Ice Magic
  1899 | D:3      | Reached skill level 1 in Air Magic
  1899 | D:3      | Reached skill level 1 in Earth Magic
  1899 | D:3      | Reached skill level 1 in Poison Magic
  2125 | D:3      | Found a shimmering altar of Xom.
  2125 | D:3      | Found an opulent altar of Gozag.
  2133 | D:3      | Became a worshipper of Gozag Ym Sagoz the Greedy
  2300 | D:3      | Reached XP level 5. HP: 24/43 MP: 5/7
  2313 | D:3      | Found a glowing drain.
  2329 | Sewer    | Entered a sewer
  2548 | Sewer    | Noticed Pargi
  2561 | Sewer    | Killed Pargi
  2562 | Sewer    | Reached XP level 6. HP: 50/50 MP: 8/8
  2852 | D:3      | Found an iron altar of Okawaru.
  2896 | D:3      | Reached skill level 5 in Fighting
  2896 | D:3      | Reached skill level 5 in Dodging
  2978 | D:3      | Noticed Jessica
  2982 | D:3      | Killed Jessica
  4291 | D:5      | Entered Level 5 of the Dungeon
  4291 | D:5      | Noticed a troll
  4300 | D:5      | HP: 2/51 [troll (5)]
  4301 | D:5      | Mangled by a troll

Illustrated notes

Levels and vault maps discovered:
D:1:      lemuel_arrival_cross, layout_basic, minmay_shallow_snake_nest
D:2:      layout_loops_ring, ebering_ecumenical_altar_petrified, basic_altar,
          kennysheep_generic_room_4
D:3:      layout_loops_ring, gammafunk_temple_overflow_pools,
          amcnicky_altar_gilded, portal_sewer_entry_e, minmay_fractal_squares_5,
          uniq_jessica
D:4:      kb_forest_paths, layout_cave_pods
D:5:      layout_rooms, grunt_temple_overflow_order_and_chaos_2

Skill      XL: |  1  2  3  4  5  6 |
---------------+-------------------+-----
Invocations    | 1 2 |  2.5
Short Blades   | 1 2 |  2.2
Long Blades    | 1 2 |  2.2
Axes           | 1 2 |  2.2
Maces & Flails | 1 2 |  2.2
Polearms       | 1 2 |  2.2
Staves         | 1 2 |  2.2
Throwing       | 1 2 |  2.2
Armour         | 1 2 |  2.2
Shields        | 1 2 |  2.2
Unarmed Combat | 1 2 |  2.2
Spellcasting   | 1 2 |  2.2
Evocations     | 1 2 |  2.2
Conjurations   | 1 |  1.8
Hexes          | 1 |  1.8
Summonings     | 1 |  1.8
Necromancy     | 1 |  1.8
Translocations | 1 |  1.8
Transmutations | 1 |  1.8
Fire Magic     | 1 |  1.8
Ice Magic      | 1 |  1.8
Air Magic      | 1 |  1.8
Earth Magic    | 1 |  1.8
Poison Magic   | 1 |  1.8
Stealth        | 3 |  3.3
Fighting       | 5 |  5.1
Dodging        | 5 |  5.1
Ranged Weapons | |  8.8

Action                   |  1- 3 |  4- 6 || total
-------------------------+-------+-------++-------
 Fire: Shortbow          |    99 |   216 ||   315
Evoke: Wand              |       |     5 ||     5
  Use: Scroll            |       |     7 ||     7
Armor: Leather armour    |     6 |     9 ||    15
       Scale mail        |     4 |       ||     4
Dodge: Dodged            |    24 |    60 ||    84
